 Dungeon Crawl Stone Soup version 0.22-a0-848-ge9e22a0 (webtiles) character file.

826 KristoblXynda the Skirmisher (level 7, -3/114 HPs)
             Began as an Ogre Berserker on July 25, 2018.
             Was a Believer of Trog.
             Slain by a centaur (8 damage)
             ... on level 5 of the Dungeon on July 26, 2018.
             The game lasted 00:11:26 (4924 turns).

KristoblXynda the Skirmisher (Ogre Berserker)       Turns: 4924, Time: 00:11:27

Health: -3/114     AC:  5    Str: 27    XL:     7   Next: 96%
Magic:  7/7        EV: 12    Int:  8    God:    Trog [**....]
Gold:   235        SH:  0    Dex: 12    Spells: 6/6 levels left

rFire    + . .     SeeInvis .   t - +0 whip
rCold    . . .     Gourm    .   (no shield)
rNeg     . . .     Faith    .   b - +0 animal skin
rPois    .         Spirit   .   (helmet restricted)
rElec    .         Reflect  .   (no cloak)
rCorr    .         Harm     .   (gloves unavailable)
MR       .....                  (boots unavailable)
Stlth    ..........             (no amulet)
HPRegen  0.29/turn              f - +2 ring of dexterity
MPRegen  0.10/turn              g - ring of protection from fire

@: berserking, very quick
A: large, unfitting armour, iridescent scales 1, blink, tough skin 1
a: Blink, Berserk, Trog's Hand, Renounce Religion


You were on level 5 of the Dungeon.
You worshipped Trog.
Trog was pleased with you.
You were very hungry.

You visited 1 branch of the dungeon, and saw 5 of its levels.

You collected 277 gold pieces.
You spent 42 gold pieces at shops.

Inventory:

Hand Weapons
 a - a +1 flail of holy wrath
 t - a +0 whip (weapon)
Armour
 b - a +0 animal skin (worn)
Jewellery
 f - a +2 ring of dexterity (left hand)
 g - a ring of protection from fire (right hand)
 h - a +2 ring of intelligence
 i - an uncursed ring of wizardry
Wands
 j - a wand of flame (41)
Scrolls
 d - 2 scrolls of teleportation
 e - 3 scrolls of remove curse
 o - a scroll of magic mapping
 p - a scroll of fog {unknown}
 q - a scroll of blinking {unknown}
 r - a scroll of enchant weapon
Potions
 k - a potion of haste
 l - a potion of brilliance
 m - a potion of lignification
 n - a potion of mutation
 s - a potion of heal wounds
 u - a potion of curing
Comestibles
 c - 6 rations


   Skills:
 + Level 6.8 Fighting
 * Level 6.2 Maces & Flails
 + Level 4.7 Dodging


You had 6 spell levels left.
You didn't know any spells.
Your spell library contained the following spells:

 Spells                   Type           Power        Failure   Level  Hunger
 Animate Dead             Necr           N/A          99%         4    #####..
 Pain                     Necr           #...         41%         1    ##.....
 Animate Skeleton         Necr           N/A          41%         1    ##.....
 Vampiric Draining        Necr           #.........   78%         3    ####...
 Regeneration             Chrm/Necr      #.........   78%         3    ####...


Dungeon Overview and Level Annotations

Branches:
Dungeon (5/15)
 Temple: D:4-7

Altars:
Ashenzari
Gozag
Makhleb
Nemelex Xobeh
Okawaru
Qazlal
Ru
Wu Jian

Shops:
D:5 }!%


Innate Abilities, Weirdness & Mutations

You are too large for most types of armour.
You have tough skin. (AC +1)
You are partially covered in iridescent scales. (AC +2)
You can translocate small distances at will.


Message History

* * * LOW HITPOINT WARNING * * *
The shadow imp hits you.
* * * LOW HITPOINT WARNING * * *
The centaur unwields an uncursed shortbow.
The centaur hits you.
* * * LOW HITPOINT WARNING * * *
Items here: $ ( )) a dagger; a shortbow; 11 gold pieces; 6 arrows You barely miss the centaur.
The centaur is lightly wounded.
The shadow imp hits you.
* * * LOW HITPOINT WARNING * * *
You completely miss the centaur.
The centaur is lightly wounded.
The centaur hits you!
* * * LOW HITPOINT WARNING * * *
You hit the centaur.
The centaur is heavily wounded.
The centaur hits you!
You die...

#.#,,,#....(..#,,,*,>*
*,,,
#..####.......##***.>*
*,,,
#.........5....#,,..,*
*,,,
###..#⌠.##'#..⌠#,.#,**
*...
#....##.#....#.#.#,,*
*,..
#.......#........#,**
**#.
#.......#...#(.#.,,*
#.
#......)####5.###.>*
#.
#.....<...(@c.....#*
#. ########...#.#.####
#. ###.#...###### #.
#.#........##### #.
#..#.####......###.
##.#.# #♣.####.....
#.#.# #..# ######
#####.#.##♣∩♣#
##...........#*


You could see a centaur and a shadow imp.

Vanquished Creatures
  Edmund (D:5)
  The ghost of inc the Skirmisher, an amateur OgSk (D:3)
  A phantom (D:4)
  A centaur (D:5)
  2 scorpions (D:4)
  A howler monkey (D:5)
  A hound (D:5)
  2 centaur skeletons
  2 iguanas
  A howler monkey zombie (D:5)
  8 adders
  A shadow imp (D:5)
  2 worms (D:3)
  2 leopard geckos
  5 orcs
  3 ball pythons
  5 goblins
  9 hobgoblins
  5 jackals
  A quokka (D:2)
  6 bats
  3 frilled lizards
  7 kobolds
  A leopard gecko zombie (D:5)
  6 rats
77 creatures vanquished.

Notes
Turn   | Place    | Note
-------+----------+-------------------------------------------
     0 | D:1      | KristoblXynda the Ogre Berserker began the quest for the Orb.
     0 | D:1      | Reached XP level 1. HP: 24/24 MP: 1/1
     0 | D:1      | Upgraded the game from 0.22-a0-833-g8522bf8 to 0.22-a0-848-ge9e22a0
   454 | D:1      | Reached XP level 2. HP: 31/32 MP: 2/2
   697 | D:2      | Reached XP level 3. HP: 15/40 MP: 3/3
   829 | D:2      | Reached XP level 4. HP: 22/49 MP: 4/4
  1675 | D:3      | Found a sparkling altar of Nemelex Xobeh.
  1911 | D:3      | Found an ornate altar of the Wu Jian Council.
  2054 | D:3      | Found a large runed door.
  2054 | D:3      | Found a large runed door.
  2058 | D:3      | Noticed inc's ghost (amateur OgSk)
  2104 | D:3      | Reached skill level 5 in Fighting
  2104 | D:3      | Reached XP level 5. HP: 44/57 MP: 5/5
  2311 | D:3      | Reached ** piety under Trog
  2490 | D:3      | Found a burning altar of Makhleb.
  2564 | D:3      | Found an iron altar of Okawaru.
  3002 | D:3      | Killed inc's ghost
  3002 | D:3      | Reached XP level 6. HP: 65/66 MP: 6/6
  3231 | D:4      | Found a stormy altar of Qazlal.
  3314 | D:4      | Found an opulent altar of Gozag.
  3328 | D:4      | Found a sacrificial altar of Ru.
  3341 | D:4      | Reached skill level 5 in Maces & Flails
  3889 | D:5      | Entered Level 5 of the Dungeon
  3897 | D:5      | Gained mutation: You can translocate small distances at will. [potion of mutation]
  3897 | D:5      | Gained mutation: You are partially covered in iridescent scales. (AC +2) [potion of mutation]
  3900 | D:5      | Found a shattered altar of Ashenzari.
  3956 | D:5      | Reached XP level 7. HP: 53/75 MP: 7/7
  3999 | D:5      | Noticed Edmund
  4241 | D:5      | Killed Edmund
  4782 | D:5      | Found Taget's Food Emporium.
  4848 | D:5      | Found Gofeng's Distillery.
  4853 | D:5      | Bought a potion of curing for 42 gold pieces
  4855 | D:5      | Found Asinaso's Gadget Boutique.
  4923 | D:5      | HP: 5/114 [centaur (7)]
  4924 | D:5      | Slain by a centaur

Vault maps used:
D:1:      dpeg_arrival_signposts
D:2:      serial_bayou_lagoon_a
D:3:      cheibrodos_helix_gallery, overflow_temple_1_default,
          lemuel_doored_altar, nemelex_xobeh_ov_fountains_minmay,
          kennysheep_okawaru_gauntlet, first_ration,
          ebering_ghost_disaster_area, minmay_vboxes
D:4:      nicolae_overflow_hidden_temple, hangedman_ru_absence,
          overflow_temple_1_default
D:5:      evilmike_ruin_ashenzari, serial_shops,
          nicolae_shop_temple_entry_statues_fountains, nicolae_shop_crystal,
          shop, nicolae_shop_trees, shop, serial_bayou_crossing, uniq_edmund

Skill      XL: |  1  2  3  4  5  6  7 |
---------------+----------------------+-----
Maces & Flails | 3 4 5 6 |  6.2
Dodging        | 3 4 |  4.7
Fighting       | 5 6 |  6.8

Action                   |  1- 3 |  4- 6 |  7- 9 || total
-------------------------+-------+-------+-------++-------
Melee: Mace              |    56 |   196 |       ||   252
       Whip              |       |    20 |    61 ||    81
       Flail             |       |       |    21 ||    21
Invok: Berserk           |     2 |     3 |     2 ||     7
  Use: Scroll            |       |    11 |     1 ||    12
       Potion            |       |     1 |     1 ||     2
  Eat: Chunk             |     1 |     7 |       ||     8
       Ration            |       |     2 |     1 ||     3
Armor: Animal skin       |    24 |    43 |    24 ||    91
Dodge: Dodged            |    46 |   124 |    53 ||   223

Table legend:
 A = Spawn XP
 B = Non-spawn XP
 C = Spawn XP percentage of total XP
 D = Spawn monster count
 E = Non-spawn monster count
 F = Spawn count percentage of total count
 G = Total turns spent on level
                    A         B        C        D         E        F      G
               +---------+---------+-------+---------+---------+-------+---------
         Total |       0 |    1180 |   0.0 |       0 |      77 |   0.0 |  4924
               +---------+---------+-------+---------+---------+-------+---------
           D:1 |       0 |      10 |   0.0 |       0 |       9 |   0.0 |   668
           D:2 |       0 |     109 |   0.0 |       0 |      15 |   0.0 |   924
           D:3 |       0 |     235 |   0.0 |       0 |      30 |   0.0 |  1447
           D:4 |       0 |     369 |   0.0 |       0 |      12 |   0.0 |  1574
           D:5 |       0 |     457 |   0.0 |       0 |      11 |   0.0 |   311
               +---------+---------+-------+---------+---------+-------+---------
